 Dungeon Sprint DCSS version 0.30-a0-1161-g0704695555 (webtiles) character file.

Game seed: 5763865550015232857

46 sircluck the Chopper (level 3, 0/37 HPs)
             Began as a Hill Orc Berserker on Apr 27, 2023.
             Was a Believer of Trog.
             Slain by a wolf (9 damage)
             ... in the Dungeon (Sprint III: "The Ten Rune Challenge").
             The game lasted 00:00:26 (319 turns).

sircluck the Chopper (Hill Orc Berserker)            Turns: 319, Time: 00:00:26

Health: 0/37       AC:  2    Str: 21    XL:     3   Next: 66%
Magic:  3/3        EV: 12    Int:  7    God:    Trog [**....]
Gold:   8          SH:  0    Dex: 10    Spells: 2/2 levels left

rFire   . . .        a - +0 hand axe
rCold   . . .        (no shield)
rNeg    . . .        b - +0 animal skin
rPois   .            (no helmet)
rElec   .            (no cloak)
rCorr   .            (no gloves)
SInv    .            (no boots)
Will    .....        (no amulet)
Stlth   +            (no ring)
HPRegen 0.26/turn    (no ring)
MPRegen 0.08/turn

%: no teleportation
@: no status effects
A: no striking features
a: Renounce Religion, Berserk, Trog's Hand


You were in the Dungeon.
You worshipped Trog.
Trog was pleased with you.
You visited 1 branch You collected 8 gold pieces.

Inventory:

Hand Weapons
 a - a +0 hand axe (weapon)
Armour
 b - a +0 animal skin (worn)
Scrolls
 h - a scroll of blinking
 i - a scroll of amnesia {unknown}
Potions
 c - a potion of curing
 d - a potion of heal wounds
 e - a potion of haste
 f - 2 potions of magic
 g - a potion of berserk rage


   Skills:
 + Level 6.2 Fighting
 + Level 7.0 Axes
 + Level 3.2 Armour
 + Level 2.3 Dodging


You had 2 spell levels left.
You didn't know any spells.
Your spell library was empty.

Dungeon Overview and Level Annotations

Branches:
Dungeon (1/1)

Altars:


Message History

You feel yourself slow down.
You start resting.
You start resting.
You feel yourself speed up.
You start resting.
You recover from your berserk rage.
You start resting.
You start resting.
HP restored.
A wolf comes into view.
The wolf barely misses you.
You hit the wolf.
The wolf is lightly wounded.
The wolf barely misses you. The wolf bites you.
You barely miss the wolf.
The wolf is lightly wounded.
The wolf closely misses you.
You slash the wolf!
The wolf is almost dead.
The wolf completely misses you. The wolf misses you.
You miss the wolf.
The wolf is almost dead.
The wolf bites you!
You miss the wolf.
The wolf is almost dead.
The wolf bites you! The wolf barely misses you.
You completely miss the wolf.
The wolf is almost dead.
The wolf bites you!
* * * LOW HITPOINT WARNING * * *
You closely miss the wolf.
The wolf is almost dead.
The wolf misses you. The wolf closely misses you.
You miss the wolf.
The wolf is almost dead.
The wolf barely misses you.
You closely miss the wolf.
The wolf is almost dead.
The wolf closely misses you. The wolf bites you!
You die...

▓▓▓▓ ▓▓▓▓▓▓ ▓<.#
+....♣ ▓..# #....♣
▓#'####....♣♣
▓..†..#....~♣
▓.....#...~~♣♣.♣.
▓.....#h.~~~~.....
▓####)#@.~≈≈~~~♣..
▓.....#.~~≈~~~....
▓.....#.~≈~~~.....
▓.....#.~~~.......
▓'#####...........
▓.................
▓▓▓▓▓▓▓▓▓▓▓▓▓▓▓▓▓▓


You could see a wolf.

Vanquished Creatures
  Jessica (D)
  A human (D)
  3 rats (D)
5 creatures vanquished.

Vanquished Creatures (others)
  2 plants (D)
2 creatures vanquished.

Grand Total: 7 creatures vanquished

Notes
Turn   | Place    | Note
-------+----------+-------------------------------------------
     0 | D        | sircluck the Hill Orc Berserker began the quest for the
                  | Orb.
     0 | D        | Reached XP level 1. HP: 19/19 MP: 1/1
    16 | D        | Noticed Jessica
    18 | D        | Killed Jessica
    18 | D        | Reached ** piety under Trog
    19 | D        | Reached skill level 5 in Fighting
    19 | D        | Reached skill level 6 in Axes
    19 | D        | Reached XP level 2. HP: 30/30 MP: 2/2
    19 | D        | Reached XP level 3. HP: 37/37 MP: 3/3
   192 | D        | Reached skill level 7 in Axes
   319 | D        | Slain by a wolf

Illustrated notes

Levels and vault maps discovered:
D:        dungeon_sprint_mu [sprint_mu_entry_forest, sprint_mu_temple_rooms,
          sprint_mu_d1_spiders, sprint_mu_d2_genie, sprint_mu_d3_branching,
          sprint_mu_orc_legion, sprint_mu_elf_gauntlet, sprint_mu_hive_nellie,
          sprint_mu_lair_fedhas, sprint_mu_vaults_butterflies,
          sprint_mu_slime_circle, sprint_mu_swamp_cave, sprint_mu_snake_twists,
          sprint_mu_blade_basic, sprint_mu_crypt_chambers,
          sprint_mu_tomb_spiral, sprint_mu_vestibule_basic,
          sprint_mu_gehenna_hellfire, sprint_mu_dis_giant,
          sprint_mu_tartarus_statrot, sprint_mu_cocytus_islands, sprint_mu_zot1]

Skill      XL: |  1  2  3 |
---------------+----------+-----
Fighting       | 5 6 |  6.2
Axes           | 6 7 |  7.0
Armour         | 3 |  3.2
Dodging        | 2 |  2.3

Action                     || total
---------------------------++-------
  Melee: Hand axe          ||    31
 Invoke: Berserk           ||     2
 Armour: Animal skin       ||     1
  Dodge: Dodged            ||    23

Table legend: (Time is in decaauts)
 A = Elapsed time spent in this place.
 B = Non-inter-level travel time spent in this place.
 C = Inter-level travel time spent in this place.
 D = Time resting spent in this place.
 E = Time spent auto-exploring this place.
 F = Levels seen in this place.
 G = Mean time per level.
                   A        B        C        D        E       F      G
               +--------+--------+--------+--------+--------+-----+--------+
         Total |    341 |    341 |      0 |    261 |      0 |   1 |  341.0 |
       Dungeon |    341 |    341 |      0 |    261 |      0 |   1 |  341.0 |
               +--------+--------+--------+--------+--------+-----+--------+

Top non-repeatable levels by time:
       D: 341 daAuts
